 Dungeon Crawl Stone Soup version 0.17-a0-2122-g03d97ec (webtiles) character file.

1524 Ordine the Cruncher (level 8, 0/62 HPs)
             Began as a Minotaur Gladiator on Oct 20, 2015.
             Succumbed to Ordine's ghost's poison
             ... on level 6 of the Dungeon.
             The game lasted 00:09:50 (4492 turns).

Ordine the Cruncher (Minotaur Gladiator)            Turns: 4492, Time: 00:09:51

Health: 0/62       AC:  9    Str: 21    XL:     8   Next: 54%
Magic:  7/7        EV:  8    Int:  5    God:
Gold:   234        SH:  0    Dex: 12    Spells: 0 memorised, 7 levels left

rFire  + . .     SeeInvis .     a - +1 quarterstaff
rCold  + . .     Clarity  .     n - +0 chain mail
rNeg   . . .     SustAt   .     (no shield)
rPois  +         Gourm    .     c - +0 hat
rElec  +         Spirit   +     (no cloak)
rCorr  +         Warding  .     h - +0 pair of gloves
rMut   .         Stasis   .     (no boots)
MR     .....                    l - amulet of guardian spirit
Stlth  ..........               (no ring)
                                (no ring)

@: lethally poisoned (0 -> -8), exhausted, resistant, very slightly
contaminated, slowed, very slow, not resistant to hostile enchantments,
extremely unstealthy
A: retaliatory headbutt, horns 2
a: no special abilities


You were on level 6 of the Dungeon.
You were very hungry.

You visited 1 branch of the dungeon, and saw 5 of its levels.
You also visited: Ossuary.

You collected 234 gold pieces.

Inventory:

Hand Weapons
 a - a +1 quarterstaff (weapon)
Missiles
 d - 3 throwing nets (quivered)
Armour
 c - a +0 hat (worn)
 h - a +0 pair of gloves (worn)
 n - a +0 chain mail (worn)
Jewellery
 l - an amulet of guardian spirit (around neck)
Scrolls
 f - a scroll of enchant weapon
 i - 3 scrolls of immolation
 o - 2 scrolls of remove curse
Potions
 j - a potion of flight
 m - a potion of berserk rage
 p - a potion of resistance
Comestibles
 b - a royal jelly
 e - 3 bread rations
 k - a meat ration
 r - 3 chunks of flesh


   Skills:
 - Level 2.4 Fighting
 + Level 12.8 Staves
 - Level 2.0 Throwing
 - Level 3.2 Dodging


You had 7 spell levels left.
You didn't know any spells.

Dungeon Overview and Level Annotations

Branches:
Dungeon (6/15)
 Temple: D:4-7

Altars:
Cheibriados
Dithmenos
Trog


Innate Abilities, Weirdness & Mutations

You reflexively headbutt those who attack you in melee.
You have a pair of horns on your head.


Message History

You flicker back into view.
* * * LOW HITPOINT WARNING * * *
You feel sick.
Drink which item? (? for menu, Esc to quit)
Okay, then.
Unknown command.
Unknown command.
* * * LOW HITPOINT WARNING * * *
You feel very sick.
* * * LOW HITPOINT WARNING * * *
You feel very sick.
* * * LOW HITPOINT WARNING * * *
You feel sick.
* * * LOW HITPOINT WARNING * * *
You feel sick.
* * * LOW HITPOINT WARNING * * *
You feel sick.
* * * LOW HITPOINT WARNING * * *
You feel sick.
You die...

#.# #.# ####.#####
#........# #.#..##..#
####### ##........#
#.....#
............###.....#
.........#...)))....#
.........@..###.....#
#####.###.#.# #.....#
#...)...# #######
#####.### #)# #.# #.#
#.# ...


There were no monsters in sight!

Vanquished Creatures
  The ghost of Ordine the Cruncher, a novice MiGl of Ru (D:6)
  Sigmund (D:6)
  The ghost of yokelz the Ruffian, an amateur NaTm of Cheibriados (D:3)
  Duvessa (D:6)
  An elf zombie (Ossuary)
  Dowan (D:6)
  A centaur zombie (Ossuary)
  5 human zombies
  2 orc priests (D:4)
  A human skeleton (D:6)
  A worker ant (D:6)
  3 orc wizards
  2 hound zombies (Ossuary)
  3 mummies (Ossuary)
  Robin (D:2)
  2 adders
  3 adder zombies (Ossuary)
  2 worms (D:3)
  2 giant geckos
  15 orcs
  A ball python (D:3)
  A gnoll zombie (Ossuary)
  10 goblins
  15 hobgoblins
  3 jackals (D:4)
  5 quokkas
  5 bats
  6 giant cockroaches
  2 giant newts
  3 goblin zombies (Ossuary)
  4 hobgoblin zombies (Ossuary)
  4 jackal zombies (Ossuary)
  8 kobolds
  3 kobold zombies (Ossuary)
  2 orc skeletons (D:6)
  2 orc zombies (Ossuary)
  3 quokka zombies (Ossuary)
  3 rats
  5 rat zombies (Ossuary)
134 creatures vanquished.

Notes
Turn   | Place    | Note
--------------------------------------------------------------
     0 | D:1      | Ordine the Minotaur Gladiator began the quest for the Orb.
     0 | D:1      | Reached XP level 1. HP: 18/18 MP: 0/0
   125 | D:1      | Reached skill level 4 in Staves
   165 | D:1      | Reached XP level 2. HP: 25/25 MP: 1/1
   656 | D:1      | Reached skill level 5 in Staves
   770 | D:2      | Noticed Robin
   778 | D:2      | Reached XP level 3. HP: 22/30 MP: 2/2
   809 | D:2      | Killed Robin
  1421 | D:2      | Found a bloodstained altar of Trog.
  1581 | D:2      | Reached skill level 6 in Staves
  1581 | D:2      | Reached XP level 4. HP: 32/37 MP: 1/3
  1752 | D:3      | Noticed yokelz's ghost (amateur NaTm)
  1764 | D:3      | Killed yokelz's ghost
  1764 | D:3      | Reached skill level 7 in Staves
  1764 | D:3      | Reached XP level 5. HP: 15/42 MP: 1/4
  2964 | D:4      | Reached skill level 8 in Staves
  2969 | D:4      | Reached XP level 6. HP: 35/50 MP: 3/5
  3248 | D:4      | Found a shadowy altar of Dithmenos.
  3472 | D:4      | Reached skill level 9 in Staves
  3644 | D:4      | You fall through a shaft for 2 floors!
  3644 | D:6      | Noticed Sigmund
  3655 | D:6      | Killed Sigmund
  3655 | D:6      | Reached XP level 7. HP: 45/56 MP: 4/6
  3725 | D:6      | Reached skill level 10 in Staves
  3751 | D:6      | Found a sand-covered staircase.
  3757 | Ossuary  | Entered an ossuary
  4068 | Ossuary  | Reached skill level 11 in Staves
  4252 | D:6      | Noticed Dowan
  4253 | D:6      | Noticed Duvessa
  4254 | D:6      | Found a snail-covered altar of Cheibriados.
  4269 | D:6      | Killed Dowan
  4269 | D:6      | Reached XP level 8. HP: 42/62 MP: 4/7
  4281 | D:6      | Killed Duvessa
  4465 | D:6      | Noticed Ordine's ghost (novice MiGl)
  4479 | D:6      | Killed Ordine's ghost
  4479 | D:6      | Reached skill level 12 in Staves
  4489 | D:6      | HP: 3/62 [poisoned by Ordine's ghost]
  4491 | D:6      | HP: 1/62 [poisoned by Ordine's ghost]
  4492 | D:6      | Succumbed to Ordine's ghost's poison

Vault maps used:
D:1:      evilmike_arrival_rings, corner_web_ring, columned_hall_lemuel
D:2:      lemuel_coloured_pillars_altar, uniq_robin
D:3:      minmay_misc_feat_rows
D:4:      nicolae_dithmenos_shadow_blocks, nicolae_overflow_hidden_temple,
          minmay_temple_entry_nine_rooms
D:6:      lightli_temple_of_fire, xom_teletrap_fun, overflow_temple_1_default,
          nicolae_ossuary_entry_catacombs, uniq_sigmund, uniq_duvessa,
          uniq_prince_ribbit1
Ossuary:  minmay_ossuary_two_tombs

Action                   |  1- 3 |  4- 6 |  7- 9 || total
-------------------------+-------+-------+-------++-------
Melee: Quarterstaff      |    94 |    89 |   190 ||   373
  Use: Scroll            |     9 |     1 |     3 ||    13
       Potion            |     1 |     2 |     5 ||     8
  Eat: Chunk             |     1 |     8 |     2 ||    11
